 Dungeon Crawl Stone Soup version 0.25-a0-420-g1cc7eeb0d1 (webtiles) character file.

Game seed: 2178218739520804914, levelgen mode: deterministic

239 Esekla the Gusty (level 6, 0/42 HPs)
             Began as a Human Air Elementalist on Jan 20, 2020.
             Killed from afar by an orc wizard (9 damage)
             ... with a puff of frost
             ... on level 3 of the Dungeon.
             The game lasted 00:19:28 (2167 turns).

Esekla the Gusty (Human Air Elementalist)           Turns: 2167, Time: 00:19:29

Health: 0/42       AC:  2    Str:  6 (8)  XL:     6   Next: 29%
Magic:  8/11       EV: 13    Int: 20 (23) God:
Gold:   104        SH:  0    Dex: 12 (13) Spells: 5/11 levels left

rFire    . . .     SeeInvis .   f - +0 dagger
rCold    . . .     Gourm    .   (no shield)
rNeg     . . .     Faith    .   a - +0 robe
rPois    .         Spirit   .   (no helmet)
rElec    .         Reflect  .   (no cloak)
rCorr    .         Harm     .   (no gloves)
MR       .....                  (no boots)
Stlth    ++........             (no amulet)
HPRegen  0.14/turn              (no ring)
MPRegen  0.12/turn              (no ring)

@: brilliant
A: no striking features
a: no special abilities


You were on level 3 of the Dungeon.
You were not hungry.

You visited 1 branch of the dungeon, and saw 4 of its levels.

You collected 104 gold pieces.

Inventory:

Hand Weapons
 f - a +0 dagger (weapon)
Armour
 a - a +0 robe (worn)
Wands
 n - a wand of iceblast (9)
Scrolls
 d - 2 scrolls of teleportation {unknown}
 g - 4 scrolls of remove curse {unknown}
 m - a scroll of random uselessness {unknown}
Potions
 b - a potion of haste
 h - a potion of flight
 j - 2 potions of degeneration
 k - a potion of agility
 l - a potion of curing
 o - a potion of lignification
Comestibles
 c - 6 rations


   Skills:
 + Level 0.3 Fighting
 + Level 1.1 Short Blades
 * Level 3.2 Dodging
 - Level 2.0 Stealth
 * Level 3.3 Spellcasting
 * Level 2.6 Conjurations
 + Level 4.1 Air Magic


You had 5 spell levels left.
You knew the following spells:

 Your Spells              Type           Power        Failure   Level  Hunger
a - Shock                 Conj/Air       ####         1%          1    None
b - Static Discharge      Conj/Air       ####....     1%          3    ###....
c - Swiftness             Chrm/Air       ###.....     1%          2    ##.....

Your spell library contained the following spells:

 Spells                   Type           Power        Failure   Level  Hunger
 Airstrike                Air            ####......   3%          4    ####...
 Lightning Bolt           Conj/Air       ####......   11%         5    ######.


Dungeon Overview and Level Annotations

Branches:
Dungeon (4/15)
 Temple: D:4-7

Altars:


Message History

The zap hits the adder.
You kill the adder!
The zap hits the orc wizard!
You kill the orc wizard!
Your Air Magic skill increases to level 4!
Casting: Shock (safe; 1% risk of failure)
Confirm with . or Enter, or press ? or * to list all spells.
You can't see any susceptible monsters within range! (Use Z to cast anyway.)
Casting: Shock (safe; 1% risk of failure)
Confirm with . or Enter, or press ? or * to list all spells.
You can't see any susceptible monsters within range! (Use Z to cast anyway.)
Casting: Shock (safe; 1% risk of failure)
Confirm with . or Enter, or press ? or * to list all spells.
Aiming: Shock (safe; 1% risk of failure)
Press: ? - help, Shift-Dir - straight line The zap hits something.
You hear some strange, mumbled words.
A puff of frost appears from out of thin air!
The puff of frost hits you!
You die...

##### ##### #########
#...####...####.......####
#..............).........#
#...####...####{###.#.##>#
###.############@###.#.##)#
..................#....##o#
##...#.....#####..#....##.#
##........... #..#....##.#
...........#. #..###..##<#
?.^..<....## #..# #.....#
.......#.## #..# #.##..#
##...###... ........)..#
#...# ## ##..###..#.##


There were no monsters in sight!

Vanquished Creatures
  A howler monkey (D:4)
  3 orc wizards (D:3)
  A gnoll (D:3)
  6 adders
  3 worms (D:2)
  A leopard gecko (D:4)
  2 orcs
  7 bats
  2 giant cockroaches (D:3)
  5 goblins
  7 hobgoblins
  4 frilled lizards (D:2)
  7 kobolds
  7 rats
56 creatures vanquished.

Notes
Turn   | Place    | Note
-------+----------+-------------------------------------------
     0 | D:1      | Esekla the Human Air Elementalist began the quest for the
                  | Orb.
     0 | D:1      | Reached XP level 1. HP: 13/13 MP: 3/3
   168 | D:1      | Reached XP level 2. HP: 18/19 MP: 0/5
   494 | D:2      | Reached XP level 3. HP: 24/24 MP: 3/6
   499 | D:2      | Learned a level 3 spell: Static Discharge
   502 | D:2      | Learned a level 2 spell: Swiftness
  1139 | D:2      | Reached XP level 4. HP: 19/30 MP: 5/8
  1748 | D:3      | Reached skill level 1 in Short Blades
  1804 | D:3      | Reached XP level 5. HP: 21/35 MP: 0/9
  2098 | D:3      | Reached XP level 6. HP: 33/42 MP: 4/11
  2161 | D:3      | HP: 2/42 [adder (2)]
  2166 | D:3      | Reached skill level 4 in Air Magic
  2167 | D:3      | Killed from afar by an orc wizard

Levels and vault maps discovered:
D:1:      minmay_arrival_widening_spiral_wide, layout_rooms,
          minmay_misc_feat_rugged
D:2:      layout_basic, first_ration, kennysheep_nub, minmay_joined_circles
D:3:      corexii_shack_village, layout_loops_ring, lemuel_round_altar,
          gammafunk_ghost_cemetery, kennysheep_decorative_pillar,
          uniq_crazy_yiuf_cottage
D:4:      layout_basic, uniq_pikel

Skill      XL: |  1  2  3  4  5  6 |
---------------+-------------------+-----
Spellcasting   | 3 |  3.3
Short Blades   | 1 |  1.1
Conjurations   | 2 |  2.6
Dodging        | 3 |  3.2
Air Magic      | 4 |  4.1
Fighting       | |  0.3
Stealth        | |  2.0

Action                   |  1- 3 |  4- 6 || total
-------------------------+-------+-------++-------
Melee: Unarmed           |     3 |       ||     3
       Dagger            |    49 |    27 ||    76
 Cast: Shock             |    29 |    60 ||    89
  Use: Scroll            |       |     5 ||     5
       Potion            |       |     5 ||     5
 Stab: Sleeping          |     1 |       ||     1
  Eat: Chunk             |       |     4 ||     4
Armor: Robe              |    32 |    24 ||    56
Dodge: Dodged            |    60 |    68 ||   128

Table legend:
 A = Non-vault XP
 B = Vault XP
 C = Vault XP percentage of total XP
 D = Non-vault monster count
 E = Vault monster count
 F = Vault count percentage of total count
                 A         B        C        D         E       F
            +---------+---------+-------+---------+---------+-------
      Total |     311 |      31 |   9.1 |      43 |      13 |  23.2
            +---------+---------+-------+---------+---------+-------
        D:1 |      13 |       0 |   0.0 |       8 |       0 |   0.0
        D:2 |      69 |      31 |  31.0 |      18 |      13 |  41.9
        D:3 |     168 |       0 |   0.0 |      14 |       0 |   0.0
        D:4 |      61 |       0 |   0.0 |       3 |       0 |   0.0
            +---------+---------+-------+---------+---------+-------
